PAA
PHOENIX HOTSPUR YOUTH @ MINNESOTA LOONS
07/29/2032
 
TOP OF THE 1ST
Phoenix Hotspur Youth batting - Pitching for Minnesota Loons : LHP Luis Domínguez
Pitching: LHP Luis Domínguez
Batting: RHB Juan Negrete 0-0: Ball
1-0: Ball
2-0: Ball
3-0: Base on Balls
Batting: RHB Carl Tucker 0-0: Ball
1-0: Called Strike
Juan Negrete steals 2nd base
1-1: Ball
2-1: Ball
3-1: Foul Ball, location: 2F
3-2: Base on Balls
Batting: RHB Sinfronio Vitor 0-0: Fielders Choice at 2nd, 4-6 (Groundball, 4)
Juan Negrete to third
Batting: RHB Braylen Sampson 0-0: Foul Ball, location: 2F
0-1: Ball
Sinfronio Vitor is caught stealing 2nd base
1-1: Fly out, F6 (Line Drive, 6MD)
Top of the 1st over - 0 runs, 0 hits, 0 errors, 1 left on base; Phoenix Hotspur 0 - Minnesota 0
BOTTOM OF THE 1ST
Minnesota Loons batting - Pitching for Phoenix Hotspur Youth : LHP Ismael Lara
Pitching: LHP Ismael Lara
Batting: RHB Héctor Espiga 0-0: Ball
1-0: Called Strike
1-1: Fly out, F5 (Line Drive, 5L)
Batting: RHB Ramón Yniguez 0-0: Swinging Strike
0-1: Swinging Strike
0-2: Foul Ball, location: 2F
0-2: Ball
1-2: Foul Ball, location: 2F
1-2: Strikes out looking
Batting: RHB Hani Azwan 0-0: Ball
1-0: Swinging Strike
1-1: Foul Ball, location: 2F
1-2: SINGLE (Line Drive, 34)
Batting: RHB Luis Delvalle 0-0: Ball
1-0: Ball
2-0: Foul Ball, location: 2F
2-1: 2-RUN HOME RUN (Flyball, 7LD), Distance : 350 ft
Batting: RHB Júlio Vargas 0-0: Ball
1-0: Ball
2-0: Ground out 6-3 (Groundball, 6)
Bottom of the 1st over - 2 runs, 2 hits, 0 errors, 0 left on base; Phoenix Hotspur 0 - Minnesota 2
TOP OF THE 2ND
Phoenix Hotspur Youth batting - Pitching for Minnesota Loons : LHP Luis Domínguez
Batting: LHB Mare Riseley 0-0: Fly out, F7 (Flyball, 7)
Batting: RHB James Turner 0-0: Ball
1-0: Foul Ball, location: 2F
1-1: Ball
2-1: Called Strike
2-2: Ball
3-2: Foul Ball, location: 2F
3-2: Strikes out swinging
Batting: RHB Germán Alfaro 0-0: Foul Ball, location: 2F
0-1: Ball
1-1: Swinging Strike
1-2: Foul Ball, location: 2F
1-2: Foul Ball, location: 2F
1-2: Strikes out swinging
Top of the 2nd over - 0 runs, 0 hits, 0 errors, 0 left on base; Phoenix Hotspur 0 - Minnesota 2
BOTTOM OF THE 2ND
Minnesota Loons batting - Pitching for Phoenix Hotspur Youth : LHP Ismael Lara
Batting: LHB Rim Hong-Do 0-0: Called Strike
0-1: Called Strike
0-2: Ball
1-2: Fly out, F8 (Line Drive, 8RM)
Batting: RHB Rubén Medina 0-0: Ball
1-0: Ball
2-0: Ball
3-0: Base on Balls
Batting: RHB Cody Jaeckel 0-0: Called Strike
0-1: SINGLE (Flyball, 7LS)
Rubén Medina to second
Batting: SHB Raúl Mateo 0-0: Called Strike
0-1: Ball
1-1: SINGLE (Line Drive, 78S)
Rubén Medina to third
Cody Jaeckel to second
Batting: RHB Héctor Espiga 0-0: Called Strike
0-1: Ball
1-1: Ball
2-1: Ball
3-1: Called Strike
3-2: Foul Ball, location: 2F
3-2: Base on Balls
Rubén Medina scores
Cody Jaeckel to third
Raúl Mateo to second
Batting: RHB Ramón Yniguez 0-0: Swinging Strike
0-1: Ball
1-1: Foul Ball, location: 2F
1-2: Ball
2-2: Ball
3-2: Fly out, F8 (Flyball, 8LM)
Runner from 3rd tags up, SCORES, no throw
Batting: RHB Hani Azwan 0-0: Fly out, F9 (Flyball, 9LD)
Bottom of the 2nd over - 2 runs, 2 hits, 0 errors, 2 left on base; Phoenix Hotspur 0 - Minnesota 4
TOP OF THE 3RD
Phoenix Hotspur Youth batting - Pitching for Minnesota Loons : LHP Luis Domínguez
Batting: RHB Bill Erickson 0-0: Called Strike
0-1: Ball
1-1: Foul Ball, location: 2F
1-2: Ball
2-2: SINGLE (Line Drive, 9S)
Batting: LHB Tyler Kinjeketile 0-0: Called Strike
0-1: Ball
1-1: Ball
2-1: Swinging Strike
2-2: Ball
3-2: Foul Ball, location: 2F
3-2: Strikes out swinging
Bill Erickson is caught stealing 2nd base
Batter strikes out.
Batting: RHB Juan Negrete 0-0: Called Strike
0-1: Called Strike
0-2: Foul Ball, location: 2F
0-2: Ball
1-2: Ball
2-2: SINGLE (Line Drive, 89S)
Batting: RHB Carl Tucker 0-0: Called Strike
Juan Negrete steals 2nd base
0-1: Foul Ball, location: 2F
0-2: Foul Ball, location: 2F
0-2: Ball
1-2: Ball
2-2: Ball
3-2: 2-RUN HOME RUN (Flyball, 7D), Distance : 363 ft
Batting: RHB Sinfronio Vitor 0-0: Ground out 5-3 (Groundball, 5L)
Top of the 3rd over - 2 runs, 3 hits, 0 errors, 0 left on base; Phoenix Hotspur 2 - Minnesota 4
BOTTOM OF THE 3RD
Minnesota Loons batting - Pitching for Phoenix Hotspur Youth : LHP Ismael Lara
Batting: RHB Luis Delvalle 0-0: Called Strike
0-1: Ball
1-1: Ball
2-1: Ball
3-1: SINGLE (Line Drive, 6MD)
Batting: RHB Júlio Vargas 0-0: Called Strike
0-1: Ball
1-1: Foul Ball, location: 2F
1-2: Strikes out swinging
Batting: LHB Rim Hong-Do 0-0: Called Strike
0-1: Ball
1-1: Ball
2-1: Foul Ball, location: 2F
2-2: Fly out, F8 (Flyball, 8RD)
Batting: RHB Rubén Medina 0-0: Ball
1-0: Swinging Strike
1-1: Foul Ball, location: 2F
1-2: Ball
2-2: Ball
3-2: Foul Ball, location: 2F
3-2: Base on Balls
Luis Delvalle to second
Batting: RHB Cody Jaeckel 0-0: Called Strike
0-1: Swinging Strike
0-2: Ball
1-2: SINGLE (Groundball, 6MD)
Luis Delvalle to third
Rubén Medina to second
Runner from 3rd tries for Home, SAFE, no throw
Batting: SHB Raúl Mateo 0-0: Ball
1-0: Foul Ball, location: 2F
1-1: Swinging Strike
1-2: Strikes out looking
Bottom of the 3rd over - 1 run, 2 hits, 0 errors, 2 left on base; Phoenix Hotspur 2 - Minnesota 5
TOP OF THE 4TH
Phoenix Hotspur Youth batting - Pitching for Minnesota Loons : LHP Luis Domínguez
Batting: RHB Braylen Sampson 0-0: Ball
1-0: SINGLE (Line Drive, 5D)
Batting: LHB Mare Riseley 0-0: Swinging Strike
0-1: Called Strike
0-2: Ball
1-2: Foul Ball, location: 2F
1-2: Ball
2-2: Ball
3-2: Foul Ball, location: 2F
3-2: Fly out, F3 (Popup, 34S)
Batting: RHB James Turner 0-0: Called Strike
0-1: SINGLE (Groundball, 56D)
Braylen Sampson to second
Batting: RHB Germán Alfaro 0-0: Called Strike
0-1: Foul Ball, location: 2F
0-2: Ball
1-2: Strikes out looking
Batting: RHB Bill Erickson 0-0: Ball
1-0: Ball
2-0: Ball
Wild Pitch!
Braylen Sampson to third
James Turner to second
3-0: Called Strike
3-1: Foul Ball, location: 2F
3-2: SINGLE (Groundball, 56D)
Braylen Sampson scores
James Turner to third
James Turner scores
Batting: LHB Tyler Kinjeketile 0-0: Called Strike
0-1: Ball
1-1: Ball
2-1: Ball
3-1: Called Strike
3-2: Strikes out swinging
Top of the 4th over - 2 runs, 3 hits, 0 errors, 1 left on base; Phoenix Hotspur 4 - Minnesota 5
BOTTOM OF THE 4TH
Minnesota Loons batting - Pitching for Phoenix Hotspur Youth : LHP Ismael Lara
Batting: RHB Héctor Espiga 0-0: Ball
1-0: Ball
2-0: Ball
3-0: Called Strike
3-1: Fly out, F7 (Line Drive, 7)
Batting: RHB Ramón Yniguez 0-0: Foul Ball, location: 2F
0-1: SINGLE (Groundball, 56D)
Batting: RHB Hani Azwan 0-0: Fly out, F8 (Flyball, 8RM)
Batting: RHB Luis Delvalle 0-0: Called Strike
0-1: Ball
1-1: DOUBLE (Line Drive, 7LM)
Ramón Yniguez to third
Runner from 3rd tries for Home, SAFE, no throw
Batting: RHB Júlio Vargas 0-0: Called Strike
0-1: Fly out, F5 (Popup, 5SF)
Bottom of the 4th over - 1 run, 2 hits, 0 errors, 1 left on base; Phoenix Hotspur 4 - Minnesota 6
TOP OF THE 5TH
Phoenix Hotspur Youth batting - Pitching for Minnesota Loons : LHP Luis Domínguez
Batting: RHB Juan Negrete 0-0: Called Strike
0-1: Ground out 6-3 (Groundball, 6)
Batting: RHB Carl Tucker 0-0: Ball
1-0: Foul Ball, location: 2F
1-1: Foul Ball, location: 2F
1-2: Ball
2-2: Ball
3-2: Ground out U3 (Groundball, 3)
Batting: RHB Sinfronio Vitor 0-0: Ball
1-0: Called Strike
1-1: Foul Ball, location: 2F
1-2: Foul Ball, location: 2F
1-2: Ball
2-2: Ball
3-2: Ground out 6-3 (Groundball, 6S)
Top of the 5th over - 0 runs, 0 hits, 0 errors, 0 left on base; Phoenix Hotspur 4 - Minnesota 6
BOTTOM OF THE 5TH
Minnesota Loons batting - Pitching for Phoenix Hotspur Youth : LHP Ismael Lara
Batting: LHB Rim Hong-Do 0-0: Called Strike
0-1: Ball
1-1: Ball
2-1: Fly out, F9 (Line Drive, 9D)
Batting: RHB Rubén Medina 0-0: Ball
1-0: Ball
2-0: Ball
3-0: Called Strike
3-1: Called Strike
3-2: Fly out, F5 (Line Drive, 5)
Batting: RHB Cody Jaeckel 0-0: Called Strike
0-1: Ball
1-1: Foul Ball, location: 2F
1-2: Foul Ball, location: 2F
1-2: Fly out, F9 (Line Drive, 89M)
Bottom of the 5th over - 0 runs, 0 hits, 0 errors, 0 left on base; Phoenix Hotspur 4 - Minnesota 6
TOP OF THE 6TH
Phoenix Hotspur Youth batting - Pitching for Minnesota Loons : LHP Luis Domínguez
Batting: RHB Braylen Sampson 0-0: SINGLE (Groundball, 56D)
Batting: LHB Mare Riseley 0-0: Ball
1-0: Ground out 4-3 (Groundball, 34)
Braylen Sampson to second
Pitching: RHP Aubrey McCrimmon
Batting: RHB James Turner 0-0: Foul Ball, location: 2F
0-1: Called Strike
0-2: Fly out, F9 (Flyball, 89S)
Batting: RHB Germán Alfaro 0-0: Swinging Strike
0-1: Ball
1-1: Ball
2-1: Ground out 6-3 (Groundball, 56)
Top of the 6th over - 0 runs, 1 hit, 0 errors, 1 left on base; Phoenix Hotspur 4 - Minnesota 6
BOTTOM OF THE 6TH
Minnesota Loons batting - Pitching for Phoenix Hotspur Youth : LHP Ismael Lara
Batting: SHB Raúl Mateo 0-0: Called Strike
0-1: Called Strike
0-2: Strikes out swinging
Batting: RHB Héctor Espiga 0-0: Ball
1-0: Ball
2-0: SINGLE (Flyball, 8LS)
Pitching: LHP Eduardo Márquez
Batting: RHB Ramón Yniguez 0-0: Ball
1-0: Foul Ball, location: 2F
1-1: Ball
2-1: Ball
3-1: Called Strike
3-2: Base on Balls
Héctor Espiga to second
Batting: RHB Hani Azwan 0-0: Ball
1-0: Ball
2-0: SINGLE (Line Drive, 78S)
Héctor Espiga to third
Ramón Yniguez to second
Batting: RHB Luis Delvalle 0-0: Foul Ball, location: 2F
0-1: Ball
1-1: Swinging Strike
1-2: Foul Ball, location: 2F
1-2: Ball
2-2: Ball
3-2: Base on Balls
Héctor Espiga scores
Ramón Yniguez to third
Hani Azwan to second
Batting: RHB Júlio Vargas 0-0: Foul Ball, location: 2F
0-1: Ball
1-1: Ball
2-1: SINGLE (Line Drive, 6MD)
Ramón Yniguez scores
Hani Azwan to third
Luis Delvalle to second
Runner from 3rd tries for Home, SAFE, throw made home
Batting: LHB Rim Hong-Do 0-0: Ball
1-0: Foul Ball, location: 2F
1-1: Ball
2-1: Ball
3-1: Foul Ball, location: 2F
3-2: Base on Balls
Luis Delvalle to third
Júlio Vargas to second
Pitching: LHP Cameron Roberts
Batting: RHB Rubén Medina 0-0: Called Strike
0-1: SINGLE (Flyball, 78M)
Luis Delvalle scores
Júlio Vargas to third
Rim Hong-Do to second
Runner from 3rd tries for Home, SAFE, no throw
Batting: RHB Cody Jaeckel 0-0: Called Strike
0-1: Foul Ball, location: 2F
0-2: Ball
1-2: Ball
2-2: 3-RUN HOME RUN (Flyball, 7LD), Distance : 345 ft
Pitching: LHP Wei-qian Chieu
Batting: SHB Raúl Mateo 0-0: Ball
1-0: Called Strike
1-1: Ball
2-1: Ball
3-1: Swinging Strike
3-2: Foul Ball, location: 2F
3-2: Ground out 5-3 (Groundball, 5)
Batting: RHB Héctor Espiga 0-0: Ball
1-0: Ball
2-0: Called Strike
2-1: Ball
3-1: Base on Balls
Batting: RHB Ramón Yniguez 0-0: Ball
1-0: Ball
2-0: SINGLE (Line Drive, 34)
Héctor Espiga to second
Runner from 2nd tries for 3rd, SAFE, no throw
Batting: RHB Hani Azwan 0-0: Ball
Wild Pitch!
Héctor Espiga scores
Ramón Yniguez to second
1-0: Foul Ball, location: 2F
1-1: Ball
2-1: Foul Ball, location: 2F
2-2: SINGLE (Groundball, 4MD)
Ramón Yniguez to third
Runner from 3rd tries for Home, SAFE, no throw
Batting: RHB Luis Delvalle 0-0: Called Strike
0-1: Called Strike
0-2: Ball
1-2: Ball
2-2: SINGLE (Line Drive, 5)
Hani Azwan to second
Batting: RHB Júlio Vargas 0-0: Ball
1-0: Called Strike
1-1: Ball
2-1: Ball
3-1: Foul Ball, location: 2F
3-2: Foul Ball, location: 2F
3-2: Base on Balls
Hani Azwan to third
Luis Delvalle to second
Batting: LHB Rim Hong-Do 0-0: Swinging Strike
0-1: Ball
1-1: Foul Ball, location: 2F
1-2: Strikes out swinging
Bottom of the 6th over - 10 runs, 8 hits, 0 errors, 3 left on base; Phoenix Hotspur 4 - Minnesota 16
TOP OF THE 7TH
Phoenix Hotspur Youth batting - Pitching for Minnesota Loons : RHP Aubrey McCrimmon
Batting: RHB Bill Erickson 0-0: Foul Ball, location: 2F
0-1: Swinging Strike
0-2: Ground out 1-3 (Groundball, 13)
Batting: LHB Tyler Kinjeketile 0-0: Called Strike
0-1: Ball
1-1: SINGLE (Flyball, 89M)
Batting: RHB Juan Negrete 0-0: Called Strike
0-1: Ball
1-1: Ball
2-1: Foul Ball, location: 2F
2-2: Foul Ball, location: 2F
2-2: Foul Ball, location: 2F
2-2: Strikes out swinging
Batting: RHB Carl Tucker 0-0: Ball
1-0: Foul Ball, location: 2F
1-1: Fielders Choice at 2nd, 5-4 (Groundball, 5)
Top of the 7th over - 0 runs, 1 hit, 0 errors, 1 left on base; Phoenix Hotspur 4 - Minnesota 16
BOTTOM OF THE 7TH
Minnesota Loons batting - Pitching for Phoenix Hotspur Youth : LHP Wei-qian Chieu
Batting: RHB Rubén Medina 0-0: Ball
1-0: Called Strike
1-1: Ball
2-1: Ground out 6-3 (Groundball, 6)
Pitching: RHP Roldan Martir
Batting: RHB Cody Jaeckel 0-0: Ball
1-0: Ball
2-0: Ball
3-0: Called Strike
3-1: Foul Ball, location: 2F
3-2: Base on Balls
Batting: SHB Raúl Mateo 0-0: Ball
Cody Jaeckel steals 2nd base
1-0: Ball
2-0: Foul Ball, location: 2F
2-1: Foul Ball, location: 2F
2-2: Foul Ball, location: 2F
2-2: Ball
3-2: Ground out 5-3 (Groundball, 5L)
Batting: RHB Héctor Espiga 0-0: Called Strike
0-1: Ball
1-1: Called Strike
1-2: Ball
2-2: Ball
3-2: Foul Ball, location: 2F
3-2: Base on Balls
Batting: RHB Ramón Yniguez 0-0: Fielders Choice at 2nd, U4 (Groundball, 4M)
Bottom of the 7th over - 0 runs, 0 hits, 0 errors, 2 left on base; Phoenix Hotspur 4 - Minnesota 16
TOP OF THE 8TH
Phoenix Hotspur Youth batting - Pitching for Minnesota Loons : RHP Aubrey McCrimmon
Batting: RHB Sinfronio Vitor 0-0: Called Strike
0-1: Ball
1-1: Ball
2-1: Ball
3-1: Fly out, F8 (Flyball, 89D)
Batting: RHB Braylen Sampson 0-0: Ball
1-0: Ball
2-0: Called Strike
2-1: Fly out, F8 (Flyball, 8RXD)
Batting: LHB Mare Riseley 0-0: Called Strike
0-1: Foul Ball, location: 2F
0-2: Ball
1-2: Strikes out swinging
Top of the 8th over - 0 runs, 0 hits, 0 errors, 0 left on base; Phoenix Hotspur 4 - Minnesota 16
BOTTOM OF THE 8TH
Minnesota Loons batting - Pitching for Phoenix Hotspur Youth : RHP Roldan Martir
Batting: RHB Hani Azwan 0-0: Called Strike
0-1: Swinging Strike
0-2: Ball
1-2: Foul Ball, location: 2F
1-2: Strikes out looking
Batting: RHB Luis Delvalle 0-0: Foul Ball, location: 2F
0-1: Called Strike
0-2: Ball
1-2: Ball
2-2: Foul Ball, location: 2F
2-2: Ball
3-2: Base on Balls
Batting: RHB Júlio Vargas 0-0: Ball
1-0: Foul Ball, location: 2F
1-1: Ball
2-1: Ball
3-1: Fly out, F9 (Flyball, 9LS)
Batting: LHB Rim Hong-Do 0-0: Ball
Wild Pitch!
Luis Delvalle to second
1-0: Ball
2-0: Foul Ball, location: 2F
2-1: Foul Ball, location: 2F
2-2: Fly out, F8 (Flyball, 8RM)
Bottom of the 8th over - 0 runs, 0 hits, 0 errors, 1 left on base; Phoenix Hotspur 4 - Minnesota 16
TOP OF THE 9TH
Phoenix Hotspur Youth batting - Pitching for Minnesota Loons : RHP Aubrey McCrimmon
Now at C: Tabor Muzquiz
Batting: RHB James Turner 0-0: Called Strike
0-1: Foul Ball, location: 2F
0-2: SINGLE (Line Drive, 34D)
Batting: RHB Germán Alfaro 0-0: Foul Ball, location: 2F
0-1: Foul Ball, location: 2F
0-2: TRIPLE (Line Drive, 89XD)
James Turner scores
Pitching: RHP Ronald Beedy
Batting: RHB Bill Erickson 0-0: Ball
1-0: Ground out 5-3 (Groundball, 56)
Germán Alfaro scores
Batting: LHB Tyler Kinjeketile 0-0: Ball
1-0: Swinging Strike
1-1: Foul Ball, location: 2F
1-2: Ball
2-2: Ground out 4-3 (Groundball, 4D)
Batting: RHB Juan Negrete 0-0: Ball
1-0: Foul Ball, location: 2F
1-1: Foul Ball, location: 2F
1-2: SINGLE (Flyball, 9LS)
Batting: RHB Carl Tucker 0-0: Foul Ball, location: 2F
0-1: Ball
1-1: Swinging Strike
1-2: Ball
2-2: Ball
3-2: Foul Ball, location: 2F
3-2: Foul Ball, location: 2F
3-2: Foul Ball, location: 2F
3-2: Foul Ball, location: 2F
3-2: Base on Balls
Juan Negrete to second
Batting: RHB Sinfronio Vitor 0-0: Ball
1-0: Ball
2-0: Called Strike
2-1: Ball
3-1: Fly out, F9 (Flyball, 9LS)
Top of the 9th over - 2 runs, 3 hits, 0 errors, 2 left on base; Phoenix Hotspur 6 - Minnesota 16
Wednesday, September 19th, 2018 - OOTP Baseball 18.8 Build 76